 Dungeon Crawl Stone Soup version 0.32-a0-520-g344ed53f66 (webtiles) character file.

Game seed: 10487681571677354939

1556 Dittersdorf the Shield-Bearer (level 8, -1/52 HPs)
             Began as a Gargoyle Fighter on Feb 27, 2024.
             Slain by a wight
             ... wielding a +4 long sword
              (10 damage)
             ... on level 5 of the Dungeon.
             The game lasted 00:07:47 (5604 turns).

Dittersdorf the Shield-Bearer (Gargoyle Fighter)    Turns: 5604, Time: 00:07:48

Health: -1/52      AC: 19    Str: 22    XL:     8   Next: 88%
Magic:  17/17      EV:  8    Int:  9    God:
Gold:   259        SH:  5    Dex:  9    Spells: 7/7 levels left

rFire   . . .        a - +1 flail
rCold   . . .        c - +0 buckler
rNeg    + . .        n - +0 chain mail
rPois   ∞            k - +0 helmet
rElec   +            (no cloak)
rCorr   .            d - +1 Delatra's gloves {ID++}
SInv    .            (no boots)
Will    .....        (no amulet) Stlth
                     o - ring of flight
HPRegen 0.28/turn    t - ring of magical power
MPRegen 0.15/turn

%: no passive effects
@: flying, studying Shields
A: sickness immunity, AC +5, negative energy resistance 1, electricity
resistance, torment resistance 1, petrification resistance
a: no special abilities


You were on level 5 of the Dungeon.
You visited 1 branch of the dungeon, and saw 7 of its levels.

You collected 259 gold pieces.

Inventory:

Hand Weapons
 a - a +1 flail (weapon)
Armour
 c - a +0 buckler (worn)
 d - the +1 Delatra's gloves (worn) {ID++}
   (You found it on level 4 of the Dungeon)

   ID++:      It heals its wearer when they drink unknown potions, and restores
   their MP when they read unknown scrolls.
 h - a +0 plate armour
 k - a +0 helmet (worn)
 n - a +0 chain mail (worn)
 y - +1 ice dragon scales
Jewellery
 o - a ring of flight (left hand)
 q - a ring of ice
 t - a ring of magical power (right hand)
Wands
 p - a wand of light (9)
 u - a wand of flame (17)
Scrolls
 f - a scroll of enchant armour
Potions
 b - a potion of might
 e - a potion of magic
 g - a potion of ambrosia {unknown}
 i - 2 potions of attraction {unknown}
 l - 2 potions of heal wounds {unknown}
 s - 2 potions of curing {unknown}
 w - a potion of enlightenment
 x - a potion of mutation
 z - a potion of resistance


   Skills:
 + Level 6.7 Fighting
 + Level 5.6 Maces & Flails
 + Level 6.7 Armour
 + Level 7.8 Shields


You had 7 spell levels left.
You didn't know any spells.
Your spell library contained the following spells:

 Spells                   Type           Power      Damage    Failure   Level
 Kiss of Death            Conj/Necr      0%         2d5       95%         1
 Ensorcelled Hibernation  Hex/Ice        0%         N/A       99%         2
 Confusing Touch          Hex            0%         N/A       100%        3
 Passwall                 Erth           0%         N/A       100%        3
 Swiftness                Air            0%         N/A       100%        3
 Volatile Blastmotes      Fire/Tloc      0%         2d10      100%        3
 Dispel Undead            Necr           0%         3d6       100%        4
 Fulminant Prism          Conj/Alch      0%         3d5       100%        4
 Iskenderun's Mystic Bla  Conj/Tloc      0%         2d3       100%        4


Dungeon Overview and Level Annotations

Branches:
Dungeon (7/15)
 Temple: D:4-7

Altars:
Sif Muna
Xom

Shops:
D:1 =


Innate Abilities, Weirdness & Mutations

You are immune to sickness and miasma.
Your stone body is resilient. (AC +5)
You are immune to poison.
You resist negative energy. (rN+)
You are resistant to electric shocks. (rElec)
You are resistant to unholy torment.
You are immune to petrification.


Message History

You destroy the wight!
You hit the wight.
The wight is lightly damaged.
The wight hits you but does no damage.
You sock the wight!
The wight is almost destroyed.
The wight hits you but does no damage.
You barely miss the wight.
The wight is almost destroyed.
The wight hits you but does no damage. The wight hits you with a +0 battleaxe.
You are too injured to fight recklessly!
You are too injured to fight recklessly!
You are too injured to fight recklessly!
You are too injured to fight recklessly!
You are too injured to fight recklessly!
You are too injured to fight recklessly!
You are too injured to fight recklessly!
You hit the wight.
You destroy the wight!
You barely miss the wight. The wight closely misses you.
The orc barely misses you.
You closely miss the wight. The orc hits you but does no damage.
The wight barely misses you.
You barely miss the wight. You block the wight's attack.
The orc hits you from afar with a +0 trident.
You hit the wight.
The wight is lightly damaged.
The orc barely misses you.
The wight hits you with a +4 long sword!
* * * LOW HITPOINT WARNING * * *
You hit the wight.
The wight is moderately damaged.
The wight closely misses you.
The orc hits you from afar with a +0 trident.
* * * LOW HITPOINT WARNING * * *
The orc hits you but does no damage. The wight hits you but does no damage.
You hit the wight but do no damage.
The wight is moderately damaged.
The wight hits you with a +4 long sword!
You die...

### ... #### #.#
.##... #o# ###
.....###### #z#
#.. #.......# #@#
#.#
#.....#.######.#
######.#
#...#.#........#
####..†....
#.....##########
####.......#.#
###.#...#
####.....#.##.#..
....#...#
##....#.....##.###
#####...#
#.....#...####.# #
#...#
#.........####.# #
#...######
#.....##.......#


You could see a wight and an orc.

Vanquished Creatures
  2 water moccasins (D:6)
  An orc warrior (D:4)
  A black bear (D:3)
  A bullfrog (D:6)
  2 scorpions
  3 wights (D:5)
  6 killer bees (D:7)
  A howler monkey (D:4)
  2 bombardier beetles
  A hound (D:5)
  A jelly (D:4)
  A sleepcap (D:7)
  An iguana (D:6)
  2 orc wizards (D:4)
  9 adders
  11 gnolls
  A white imp (D:5)
  3 ribbon worms
  A dart slug (D:2)
  13 orcs
  7 ball pythons
  8 endoplasms
  A giant cockroach (D:2)
  2 goblins
  10 hobgoblins
  4 jackals (D:3)
  7 kobolds
  4 quokkas
  5 bats
  4 frilled lizards
  10 rats
125 creatures vanquished.

Notes
Turn   | Place    | Note
-------+----------+-------------------------------------------
     0 | D:1      | Dittersdorf the Gargoyle Fighter began the quest for the
                  | Orb.
     0 | D:1      | Reached XP level 1. HP: 14/14 MP: 1/1
   123 | D:1      | Reached XP level 2. HP: 19/19 MP: 2/2
   241 | D:1      | Found Miqemod's One-of-a-Kind Rings.
   348 | D:1      | Found a faded altar of an unknown god.
   970 | D:2      | Reached XP level 3. HP: 19/24 MP: 3/3
  1632 | D:2      | Reached XP level 4. HP: 29/29 MP: 4/4
  1651 | D:2      | Reached skill level 4 in Shields
  2157 | D:3      | Noticed a black bear
  2165 | D:3      | Killed a black bear
  2166 | D:3      | Reached XP level 5. HP: 33/34 MP: 5/5
  2672 | D:2      | Reached XP level 6. HP: 33/39 MP: 6/6
  2832 | D:3      | Found a shimmering altar of Xom.
  3464 | D:4      | Reached skill level 5 in Shields
  3472 | D:4      | Reached skill level 5 in Fighting
  3472 | D:4      | Reached skill level 5 in Armour
  3481 | D:4      | Reached XP level 7. HP: 19/44 MP: 7/7
  3701 | D:4      | You are sucked into a shaft and drop 3 floors!
  4037 | D:6      | Identified a scroll of acquirement
  4037 | D:6      | Acquired a manual of Shields
  4089 | D:6      | Reached skill level 6 in Shields
  4089 | D:6      | Reached XP level 8. HP: 23/51 MP: 8/8
  4258 | D:6      | Reached skill level 5 in Maces & Flails
  4381 | D:5      | Entered Level 5 of the Dungeon
  4456 | D:5      | HP: 1/51 [burnt (6)]
  4714 | D:4      | HP: 2/51 [orc warrior/+0 battleaxe (7)]
  4721 | D:4      | Reached skill level 7 in Shields
  5182 | D:4      | Found the +1 Delatra's gloves {ID++}
  5378 | D:4      | Found a shimmering blue altar of Sif Muna.
  5604 | D:5      | Slain by a wight

Illustrated notes

Levels and vault maps discovered:
D:1:      erik_arrival_cave_to_civilisation [erik_arrival_cave_to_hall],
          layout_loops_ring, dreamdust_ecumenical_altar_statues,
          nicolae_shop_unique_rings, solitary_fountain, minmay_ruptured
D:2:      minmay_diamond_boxcup, layout_basic, kennysheep_cross_bottleneck
D:3:      layout_loops_ring, lemuel_doored_altar, serial_aquarium,
          aquarium_bridge_long_joined [aquarium_subvault_window,
          aquarium_subvault_balcony, aquarium_subvault_bridge,
          aquarium_subvault_window, aquarium_subvault_bridge,
          aquarium_subvault_balcony], aquarium_bridge_straight
          [aquarium_subvault_bridge, aquarium_subvault_window,
          aquarium_subvault_bridge, aquarium_subvault_window],
          aquarium_window_1, aquarium_window_2, aquarium_window_1,
          aquarium_window_corridor_3, aquarium_view_2e,
          aquarium_balcony_double_1
D:4:      layout_rooms, nicolae_sif_muna_little_library,
          pf_guarded_unrand_delatra
D:5:      layout_loops_cross, cheibrodos_worm_habitat,
          hangedman_minor_gate_pass, uniq_menkaure, uniq_crazy_yiuf_cottage
D:6:      layout_basic
D:7:      layout_rooms, minmay_temple_entry_grid

Skill      XL: |  1  2  3  4  5  6  7  8 |
---------------+-------------------------+-----
Shields        | 4 5 6 7 |  7.8
Fighting       | 4 5 6 |  6.7
Armour         | 4 5 6 |  6.7
Maces & Flails | 3 4 5 |  5.6

Action                     |  1- 3 |  4- 6 |  7- 9 || total
---------------------------+-------+-------+-------++-------
  Melee: Flail             |   102 |   128 |   218 ||   448
         Whip              |       |    69 |    16 ||    85
  Evoke: Wand              |       |    13 |       ||    13
    Use: Scroll            |       |       |    14 ||    14
         Potion            |       |       |     4 ||     4
 Armour: Scale mail        |    78 |       |       ||    78
         Chain mail        |       |   184 |   241 ||   425
  Dodge: Dodged            |    43 |    89 |   100 ||   232
         Repelled          |     1 |     1 |       ||     2
  Block: Buckler           |    16 |    65 |    53 ||   134

Table legend: (Time is in decaauts)
 A = Elapsed time spent in this place.
 B = Non-inter-level travel time spent in this place.
 C = Inter-level travel time spent in this place.
 D = Time resting spent in this place.
 E = Time spent auto-exploring this place.
 F = Levels seen in this place.
 G = Mean time per level.
                   A        B        C        D        E       F      G
               +--------+--------+--------+--------+--------+-----+--------+
         Total |   5689 |   5445 |    244 |   1035 |   3037 |   7 |  812.7 |
       Dungeon |   5689 |   5445 |    244 |   1035 |   3037 |   7 |  812.7 |
               +--------+--------+--------+--------+--------+-----+--------+

Top non-repeatable levels by time:
     D:3: 1496 daAuts
     D:2: 1359 daAuts
     D:1: 932 daAuts
     D:4: 806 daAuts
     D:5: 397 daAuts
     D:6: 378 daAuts
     D:7: 318 daAuts
